[Event "Betsys MČR v online bleskovém šachu 2021"]
[Site "Chess.com"]
[Date "2021.04.17"]
[Round "12"]
[White "kecalk"]
[Black "fortale"]
[Result "0-1"]
[WhiteElo "2125"]
[BlackElo "2309"]
[TimeControl "180+1"]
[EndTime "11:01:41 PDT"]
[Termination "Uživatel fortale zvítězil po vzdání soupeře"]

1. c4 Nf6 2. Nf3 g6 3. Nc3 Bg7 4. e4 d6 5. d4 O-O 6. h3 e5 7.
d5 a5 8. Be3 Nfd7 9. g4 f5 10.
gxf5 gxf5 11. exf5 Nb6 12. Rg1 Kh8 13. Bd3 Bxf5 14.
Bxf5 Rxf5 15. Ng5 Bh6 16. Ne6 Qh4 17. Qg4 Qxg4 18. hxg4 Bxe3 19. gxf5 Bh6 20. f6 N8d7 21. Nb5 Nxf6 22. Nbxc7 Rc8 23. b3 Nbd7 24. Ke2 e4 25. Rh1 Ng4 26. Rag1 Nde5 27. Nb5 Bf8 28. Rh4 Nf6 29.
Rf4 Be7 30. Rg7 Ng8 31. Rxe4 a4 32. Rg1 axb3 33. axb3 Ra8 34. Ng7 Nf6 35. Rh4 Ra2+ 36. Ke3 Nxd5+ 37. cxd5 Bxh4 38. Rg2 Bxf2+ 39. Rxf2 Ng4+ 40.
Kf3 Rxf2+ 41. Kxg4 Kxg7 42. Nxd6 Rd2 43. Nf5+ Kf6 44. d6 h5+ 45. Kf4 Rf2+ 46. Ke4 Rxf5 47. d7 Ke7 48. Kxf5 Kxd7 49. Kg5 Kc6 50. Kxh5 Kb5 51.
Kg4 Kb4 0-1

[Event "Betsys MČR v online bleskovém šachu 2021"]
[Site "Chess.com"]
[Date "2021.04.17"]
[Round "12"]
[White "Marcus_Aurelius_CZ"]
[Black "pa9p"]
[Result "0-1"]
[WhiteElo "1420"]
[BlackElo "1766"]
[TimeControl "180+1"]
[EndTime "11:01:41 PDT"]
[Termination "Uživatel pa9p zvítězil matem"]

1. e4 d6 2. d4 g6 3. Nf3 Bg7 4.
Nc3 Nf6 5. Bd3 O-O 6. O-O c5 7.
dxc5 dxc5 8. e5 Nd5 9. Nxd5 Qxd5 10. Bf4 Bg4 11. Be2 Qc6 12. h3 Be6 13. Qd3 Na6 14.
a3 Nc7 15. Qc3 Nd5 16. Qd2 Rad8 17. Rad1 a6 18. Bh6 Qa4 19. c4 Nf6 20. Qe3 Nd7 21.
Bxg7 Kxg7 22. Rd2 Bxc4 23. b3 Qxb3 24. Bxc4 Qxc4 25. Rfd1 Qe6 26. Ng5 Qc6 27. Qc3 e6 28. Qg3 Qc7 29. Qh4 h6 30. Ne4 c4 31. Nf6 g5 32.
Qd4 Qxe5 33. Nxd7 Qxd4 34. Rxd4 Rfe8 35. Ne5 Rxd4 36. Rxd4 b5 37. Rd1 Rc8 38. Nf3 f6 39.
Rc1 e5 40. Kf1 Kf7 41. Ke2 Ke6 42. Ke3 f5 43. Ne1 f4+ 44. Ke4 Rd8 45. Nc2 Rd2 46.
Kf3 Kf5 47. Nb4 e4# 0-1

[Event "Betsys MČR v online bleskovém šachu 2021"]
[Site "Chess.com"]
[Date "2021.04.17"]
[Round "12"]
[White "Cenisuh"]
[Black "RunningPawnz88"]
[Result "1-0"]
[WhiteElo "1595"]
[BlackElo "1345"]
[TimeControl "180+1"]
[EndTime "11:01:41 PDT"]
[Termination "Uživatel Cenisuh zvítězil na čas"]

1. d4 Nf6 2. c4 e6 3. Nf3 c5 4.
Nc3 d5 5. cxd5 exd5 6. e3 Bg4 7. h3 Bh5 8. Be2 Bg6 9. O-O Nc6 10. b3 cxd4 11. Nxd4 Nb4 12. a3 Na6 13. Bb2 Bc5 14.
Bb5+ Nd7 15. Nxd5 O-O 16. Nf4 Bxd4 17. Qxd4 Nf6 18. Rfd1 Qxd4 19. Bxd4 Nc7 20. Be2 Ne4 21. Rdc1 Ne6 22. Nxg6 fxg6 23. Bc4 Rae8 24. Bd5 Nxf2 25. Bxa7 Nd3 26. Rc7 Kh8 27. Bxe6 Rxe6 28. Rxb7 Ra6 29.
a4 Nc5 30. Bxc5 Rc8 31. b4 h5 32. a5 Re6 33. Rd1 Rf8 34. Rdd7 Rg8 35. Kh2 Re5 36.
a6 g5 37. a7 Ree8 38. b5 g4 39. hxg4 hxg4 40. Rd5 g5 41. Rd6 Rg7 42. Rh6+ Kg8 43. Rxg7+ Kxg7 44. Rb6 Rh8+ 45. Kg1 g3 46. Kf1 Rd8 47. Rb7+ Kg6 48. Rb8 Kf5 49. a8=Q Rxb8 50. Qxb8 1-0

[Event "Betsys MČR v online bleskovém šachu 2021"]
[Site "Chess.com"]
[Date "2021.04.17"]
[Round "12"]
[White "handlovskyjachym"]
[Black "MiroslavBucek"]
[Result "0-1"]
[WhiteElo "1368"]
[BlackElo "1601"]
[TimeControl "180+1"]
[EndTime "11:01:42 PDT"]
[Termination "Uživatel MiroslavBucek zvítězil na čas"]

1. e4 e5 2. Nf3 Nc6 3. Bc4 Nf6 4. d3 Be7 5. Nc3 O-O 6. Be3 d6 7. O-O Na5 8. Bd5 c6 9. Bb3 Bg4 10. h3 Bh5 11. Kh1 a6 12. Rg1 Nxb3 13. axb3 d5 14. exd5 cxd5 15. g4 Bg6 16. Nxe5 d4 17. g5 Ne8 18. h4 dxc3 19. h5 Qd5+ 20. Rg2 Bf5 21. Ng4 Bxg4 22. Qxg4 Nd6 23. h6 g6 24. Bd4 Nf5 25.
Qf4 Qxd4 26. Qf3 b5 27. Re1 Rfe8 28. Rg4 Qd6 29. Qe2 Nd4 30. Qd1 Rad8 31. bxc3 Nf5 32. Qf3 Qd5 33. Qxd5 Rxd5 34. Rg2 Nh4 35. Rh2 Nf3 36.
Rg1 Nxh2 37. Kxh2 Rf5 38. Rg2 Bxg5 39. Kg1 Bd2 40. Kh1 Bxc3 41. Kh2 Re2 42. Kg1 Rexf2 43. Rxf2 Rxf2 44. Kxf2 f5 45. Ke3 Kf7 46. d4 Ke6 47. Kd3 Bb2 48. c4 g5 49. c5 Kd5 0-1

[Event "Betsys MČR v online bleskovém šachu 2021"]
[Site "Chess.com"]
[Date "2021.04.17"]
[Round "12"]
[White "AJedlicka"]
[Black "Eliska0107"]
[Result "1-0"]
[WhiteElo "2201"]
[BlackElo "2043"]
[TimeControl "180+1"]
[EndTime "11:01:44 PDT"]
[Termination "Uživatel AJedlicka zvítězil na čas"]

1. d4 f5 2. g3 Nf6 3. Bg2 e6 4. Nf3 d5 5. O-O c6 6. c4 Bd6 7. b3 Qe7 8. a4 O-O 9. Ba3 Nbd7 10.
Bxd6 Qxd6 11. Nbd2 b6 12. Rc1 c5 13. cxd5 exd5 14. dxc5 bxc5 15. Nc4 Qe6 16. Ng5 Qc6 17. Na5 Qd6 18. Nc4 Qc6 19. b4 h6 20. b5 Qb7 21.
Ne6 Re8 22. Nf4 Nb6 23. Nd6 Qe7 24. Nxe8 Qxe8 25. Rxc5 Bb7 26. a5 Nbd7 27. Rxd5 Bxd5 28.
Bxd5+ Nxd5 29. Qxd5+ Kh8 30. Qxf5 Rb8 31. Ng6+ Kg8 32.
Rd1 Nf6 33. Nf4 Rxb5 34. Qd3 Rxa5 35. Qc4+ Qf7 36. Qc8+ Kh7 37. Qc2+ g6 38. h4 Re5 39. Qc8 Kg7 40. Qb8 Re7 41. Rd8 g5 42. hxg5 hxg5 43.
Nd3 Rxe2 44. Qd6 Re7 45. Qd4 Rd7 46. Rxd7 Qxd7 47. Qe3 a5 48. Qxg5+ Kf7 49. Ne5+ Ke7 50. Nxd7 Kxd7 51. Qxf6 1-0

[Event "Betsys MČR v online bleskovém šachu 2021"]
[Site "Chess.com"]
[Date "2021.04.17"]
[Round "12"]
[White "zarathutra"]
[Black "Patriktesko"]
[Result "1-0"]
[WhiteElo "1830"]
[BlackElo "2015"]
[TimeControl "180+1"]
[EndTime "11:01:44 PDT"]
[Termination "Uživatel zarathutra zvítězil matem"]

1. d4 d5 2. c4 dxc4 3. e3 Be6 4. Nc3 c6 5. Nf3 Nf6 6. a4 g6 7. Ne5 Bg7 8. Bxc4 Bxc4 9. Nxc4 O-O 10. O-O Nbd7 11. b4 Nb6 12. Qd3 e6 13. e4 Nh5 14.
e5 Qh4 15. Nd6 Rab8 16. Nce4 Nd5 17. Bg5 Nhf4 18. Qf3 Qh5 19. Qxh5 Nxh5 20. Nc5 f6 21. exf6 Bxf6 22. Bd2 Bxd4 23. Nd7 Bxa1 24. Nxb8 Rxb8 25.
Rxa1 Nhf6 26. Re1 Nc7 27. Bf4 Nfd5 28. Bd2 b5 29. a5 Kf8 30. Rc1 Ke7 31. Ne4 Nf6 32.
Nxf6 Kxf6 33. Rxc6 Nd5 34. g3 h5 35. h4 Kf5 36. Kg2 Rd8 37. Be3 Nxb4 38. Rc5+ Nd5 39. Rxb5 a6 40. Rc5 Ke4 41. Bg5 Rb8 42. Rc6 Kf5 43.
Rxa6 Rb2 44. Rd6 Ra2 45. a6 Ra4 46. Be3 Nxe3+ 47. fxe3 Ra2+ 48. Kf3 Ra3 49. Rb6 e5 50. Rc6 Ra2 51. e4# 1-0

[Event "Betsys MČR v online bleskovém šachu 2021"]
[Site "Chess.com"]
[Date "2021.04.17"]
[Round "12"]
[White "FrantisekP"]
[Black "DiscoSTU666"]
[Result "0-1"]
[WhiteElo "1639"]
[BlackElo "1870"]
[TimeControl "180+1"]
[EndTime "11:01:45 PDT"]
[Termination "Uživatel DiscoSTU666 zvítězil po vzdání soupeře"]

1. d4 Nf6 2. Bf4 d6 3. e3 g6 4. Nd2 Bg7 5. c3 O-O 6. Bg5 h6 7. Bh4 Nbd7 8. Be2 e5 9. dxe5 Nxe5 10. Ne4 g5 11. Nxf6+ Qxf6 12. Bg3 Be6 13. Bh5 Rfd8 14.
Qc2 a5 15. h4 g4 16. f3 a4 17. fxg4 Nxg4 18. Bxg4 Bxg4 19. Ne2 a3 20. Rf1 Qe6 21.
e4 axb2 22. Qxb2 Qxe4 23. Rf4 Qxe2+ 24. Qxe2 Bxe2 25. Kxe2 Bxc3 26. Raf1 Rxa2+ 27. Kd3 Be5 28. R4f3 Ra3+ 29. Kc4 Bxg3 30. Rxa3 Be5 31. Rb3 b6 32. h5 f6 33. Rbf3 Kf7 34. Rf5 Rg8 35. Kd5 Rg4 36. Kc6 Rc4+ 37. Kd5 Rc2 38. R1f2 Rc5+ 39.
Ke4 d5+ 40. Kd3 Ke6 41. R5f3 Rc3+ 42. Kd2 Rc4 43. Kd3 b5 44. Kd2 b4 45. Rb3 c5 46.
Ke1 Re4+ 47. Kf1 Bc3 48. Re2 Rxe2 49. Kxe2 c4 50. Rb1 Ke5 51. Kf3 b3 52. Rd1 Bd4 53.
g4 c3 54. Re1+ Kd6 55. Rd1 Be5 56. Rd3 b2 57. Rd1 c2 58. Re1 b1=Q 59. Rxb1 cxb1=Q 60. g5 Qb3+ 61. Kg4 Qg3+ 0-1

[Event "Betsys MČR v online bleskovém šachu 2021"]
[Site "Chess.com"]
[Date "2021.04.17"]
[Round "12"]
[White "JohnnyDuck64"]
[Black "Filipdol"]
[Result "0-1"]
[WhiteElo "2060"]
[BlackElo "1909"]
[TimeControl "180+1"]
[EndTime "11:01:46 PDT"]
[Termination "Uživatel Filipdol zvítězil na čas"]

1. e4 c5 2. Nf3 a6 3. d4 cxd4 4. a4 Nf6 5. Nxd4 Nxe4 6. Bd3 Nf6 7. O-O e6 8. Re1 Be7 9. Nc3 Nc6 10. Nxc6 bxc6 11. a5 d5 12. Bd2 O-O 13. Na4 Qc7 14. Nb6 Rb8 15. b3 Bc5 16. Nxc8 Qxc8 17. Bf4 Ra8 18.
Be5 Be7 19. Qf3 Nd7 20. Bxh7+ Kxh7 21. Qh5+ Kg8 22. Bxg7 Kxg7 23. Qg4+ Kh6 24. Re3 Bg5 25. f4 f6 26. Rh3+ Kg6 27. Qh5+ Kf5 28. fxg5 e5 29. g6+ Ke6 30. g7 Rf7 31. Qg4+ Ke7 32. Rh8 Qxh8 33.
gxh8=Q Rxh8 34. Rf1 Rhf8 35. Qf5 e4 36. h4 Ne5 37. h5 Rg7 38. h6 Rg5 39. Qh3 Rfg8 40.
Rf2 Nf3+ 41. Rxf3 exf3 42. Qxf3 Rxg2+ 43. Qxg2 Rxg2+ 44. Kxg2 Kf7 45. Kf3 Kg6 46. Kf4 Kxh6 47. Kf5 Kg7 48. b4 Kf7 49. c3 Ke7 0-1

[Event "Betsys MČR v online bleskovém šachu 2021"]
[Site "Chess.com"]
[Date "2021.04.17"]
[Round "12"]
[White "rolkento"]
[Black "Joanna23W"]
[Result "0-1"]
[WhiteElo "2257"]
[BlackElo "2658"]
[TimeControl "180+1"]
[EndTime "11:01:47 PDT"]
[Termination "Uživatel Joanna23W zvítězil na čas"]

1. e4 c5 2. c3 Nf6 3. Qc2 Nc6 4. f4 e5 5. Nf3 d6 6. Bb5 exf4 7. d4 Bd7 8. O-O Be7 9. Bxf4 O-O 10. Bxc6 Bxc6 11.
d5 Bd7 12. c4 Bg4 13. Nc3 a6 14. e5 dxe5 15. Nxe5 Bh5 16. Rae1 Bd6 17. Bg5 Bg6 18.
Nxg6 hxg6 19. Ne4 Be5 20. b3 Bd4+ 21. Kh1 Re8 22. Nxf6+ gxf6 23. Bh4 Qd6 24. Bf2 Be5 25. h3 Rac8 26. Re2 b5 27. Rfe1 bxc4 28. bxc4 Rb8 29. Qa4 Rec8 30. Qa5 Rb4 31. Re4 Rb2 32. R4e2 Rxe2 33.
Rxe2 Rb8 34. Re1 Bd4 35. Bxd4 cxd4 36. Qd2 Qc5 37. Rd1 Qxc4 38. Qxd4 Qxa2 39. Qxf6 Qb3 40.
Qd4 Rd8 41. d6 Rd7 42. Re1 Qb8 43. Rd1 Qd8 44. Qd3 a5 45. Qd5 a4 46. Qd3 a3 47.
Qxa3 Rb7 48. Qd3 Qd7 49. Qd4 Rb5 50. Qe3 Rf5 51. Qe7 Qa4 52. Re1 Rd5 0-1

[Event "Betsys MČR v online bleskovém šachu 2021"]
[Site "Chess.com"]
[Date "2021.04.17"]
[Round "12"]
[White "mendryxchess"]
[Black "Dasty78"]
[Result "1-0"]
[WhiteElo "1814"]
[BlackElo "1991"]
[TimeControl "180+1"]
[EndTime "11:01:47 PDT"]
[Termination "Uživatel mendryxchess zvítězil na čas"]

1. e4 e6 2. d4 d5 3. Nd2 a6 4. Bd3 c5 5. c3 Nc6 6. Ne2 Nf6 7. e5 Nd7 8. Nf3 f6 9. Nf4 fxe5 10.
Nxe6 Qb6 11. Nxe5 Ncxe5 12. dxe5 Qxe6 13. O-O Be7 14. Bf4 O-O 15. Bg3 c4 16. Bc2 Nc5 17.
Qh5 g6 18. Qh6 Qg4 19. h3 Qg5 20. Qxg5 Bxg5 21. Rfe1 Bf5 22. Bxf5 Rxf5 23. e6 Re8 24. Bd6 Nd3 25. Re2 Bf4 26. Ba3 Bc7 27. e7 Bb6 28.
Rf1 Kf7 29. b3 Nf4 30. Ree1 Nd3 31. Re2 Bc5 32. Bxc5 Nxc5 33. bxc4 dxc4 34. g4 Rf3 35. Re5 b6 36. Kg2 Rxc3 37. f4 Rc2+ 38. Kg3 Nd3 39. Rd5 Rxe7 40. f5 Re3+ 41. Kh4 Ne5 42. fxg6+ Kxg6 43. Rd6+ Kg7 44. Rf5 Rcc3 45. Rg5+ Kf7 46. Rf5+ Ke7 47.
Rd4 Rxh3+ 48. Kg5 Nf7+ 49. Kf4 Rhf3+ 50. Ke4 Nd6+ 51. Ke5 Nxf5 52. gxf5 Rce3+ 53. Kd5 b5 54. Kc5 Rxf5+ 55. Kb4 1-0

[Event "Betsys MČR v online bleskovém šachu 2021"]
[Site "Chess.com"]
[Date "2021.04.17"]
[Round "12"]
[White "MartinCerveny"]
[Black "BRNOTEACHER"]
[Result "1/2-1/2"]
[WhiteElo "2664"]
[BlackElo "2389"]
[TimeControl "180+1"]
[EndTime "11:01:49 PDT"]
[Termination "Remíza opakováním pozice"]

1. d4 Nf6 2. Nf3 g6 3. g3 Bg7 4. Bg2 d5 5. O-O O-O 6. c4 c6 7. Bf4 dxc4 8. a4 Nbd7 9. Ne5 Nxe5 10. Bxe5 Be6 11. Nd2 a5 12. Qc2 Ng4 13. Bxg7 Kxg7 14. e3 Nf6 15. Nxc4 Bxc4 16. Qxc4 Ra6 17. b4 axb4 18. Qxb4 Nd5 19. Qb3 Rb6 20. Qc2 Qa8 21.
Rfb1 Rxb1+ 22. Rxb1 e6 23. h4 h5 24. e4 Nf6 25. e5 Nd5 26. Bxd5 cxd5 27. Rb5 Rc8 28. Qb3 Rc7 29. Kg2 Rc4 30. Rxb7 Qxa4 31. Qf3 Qe8 32. Qe3 Qc8 33. Ra7 Rc7 34. Ra3 Qd8 35. Qf4 Qe7 36. Rf3 Rc4 37. Rb3 Rc8 38. Rf3 Rc7 39. Kh3 Rc8 40.
g4 hxg4+ 41. Qxg4 Rh8 42. Kg3 Rh5 43. Rf6 Qf8 44. Qf4 Qe7 45. Qg4 Qe8 46. Rf4 Qe7 47.
Qf3 Rh6 48. Rg4 Rh5 49. Qe3 Kh7 50. Rg5 Rxg5+ 51. hxg5 Kg7 52. Qf4 Qa3+ 53. f3 Qb2 54. Qf6+ Kg8 55. Qd8+ Kg7 56. Qf6+ Kg8 57. Qd8+ Kg7 58.
Qf6+ 1/2-1/2

[Event "Betsys MČR v online bleskovém šachu 2021"]
[Site "Chess.com"]
[Date "2021.04.17"]
[Round "12"]
[White "sachmaty8"]
[Black "Krtecci"]
[Result "1-0"]
[WhiteElo "1863"]
[BlackElo "2050"]
[TimeControl "180+1"]
[EndTime "11:01:49 PDT"]
[Termination "Uživatel sachmaty8 zvítězil na čas"]

1. e4 e5 2. Nf3 Nf6 3. d4 Nxe4 4. Bd3 d5 5. Nxe5 Nd7 6. O-O Nxe5 7. dxe5 Be7 8. Nd2 Nxd2 9. Bxd2 O-O 10. f4 c5 11.
c3 f6 12. Qh5 f5 13. Rf3 g6 14. Qh6 Rf7 15. Re1 Be6 16. Qh3 d4 17. c4 Rc8 18.
b3 Bf8 19. Rff1 Qd7 20. Be2 a6 21. Qd3 Rb8 22. a4 b6 23. Bf3 Bh6 24. g3 Bf8 25. Bg2 b5 26. axb5 axb5 27. Ra1 bxc4 28. bxc4 Re7 29. Ra6 Qe8 30. Rfa1 Kg7 31. Bd5 Qf7 32.
Qf3 Rb2 33. Be1 Rc2 34. Qd3 Rb2 35. Qf3 Bxd5 36. cxd5 c4 37. d6 Reb7 38. Rc6 d3 39. Bc3 Rb1+ 40. Rxb1 Rxb1+ 41. Kg2 Rc1 42. e6+ Rxc3 43.
exf7 Rc2+ 44. Kh3 d2 45. Qd5 c3 46. d7 Rc1 47. Rxc3 d1=Q 48. Qe5+ Kh6 49. d8=Q Qxd8 50.
Rxc1 1-0

[Event "Betsys MČR v online bleskovém šachu 2021"]
[Site "Chess.com"]
[Date "2021.04.17"]
[Round "12"]
[White "doktorovak"]
[Black "Mikulas19"]
[Result "0-1"]
[WhiteElo "1681"]
[BlackElo "1895"]
[TimeControl "180+1"]
[EndTime "11:01:50 PDT"]
[Termination "Uživatel Mikulas19 zvítězil na čas"]

1. e4 e5 2. Nf3 Nf6 3. Nc3 Nc6 4. Bc4 Bc5 5. O-O d6 6. h3 Bb6 7. d3 Be6 8. Bb3 Qd7 9. Kh2 h6 10. Nd5 O-O-O 11. Nxb6+ axb6 12. Bxe6 fxe6 13. a4 g5 14. Ng1 Qg7 15. a5 Nxa5 16. b4 Nc6 17. c3 h5 18.
f3 g4 19. fxg4 hxg4 20. Qe1 Nh5 21. Ne2 gxh3 22. gxh3 Kb8 23. Be3 Rdg8 24. Rg1 Qf7 25. Qf2 Qxf2+ 26. Bxf2 Nf4 27. Nxf4 exf4 28. Raf1 Ne5 29.
Rxg8+ Rxg8 30. d4 Nf3+ 31. Kh1 Nd2 32. Rg1 Rxg1+ 33. Kxg1 Nxe4 34. Be1 Kc8 35. Kg2 e5 36. h4 Nf6 37. Kf3 Kd7 38. dxe5 dxe5 39. c4 Ke6 40. Bd2 Kf5 41. Bc3 e4+ 42. Kf2 Nh5 43. c5 bxc5 44.
bxc5 Kg4 45. Be5 e3+ 46. Ke2 Kf5 47. Bxc7 Ke4 48. Bd8 f3+ 49. Ke1 f2+ 50. Ke2 Ng3+ 0-1

[Event "Betsys MČR v online bleskovém šachu 2021"]
[Site "Chess.com"]
[Date "2021.04.17"]
[Round "12"]
[White "psvoboda72"]
[Black "Nevimjakhrat"]
[Result "1-0"]
[WhiteElo "1695"]
[BlackElo "1437"]
[TimeControl "180+1"]
[EndTime "11:01:51 PDT"]
[Termination "Uživatel psvoboda72 zvítězil na čas"]

1. Nf3 Nf6 2. b3 d5 3. Bb2 Nc6 4. d4 Bg4 5. h3 Bh5 6. g4 Bg6 7.
e3 Be4 8. Bb5 a6 9. Bxc6+ bxc6 10.
Nbd2 e6 11. Nxe4 Nxe4 12. Ne5 Bb4+ 13. Ke2 Bc3 14. Rb1 Bxb2 15. Qd3 Nc3+ 16. Kd2 Nxb1+ 17. Rxb1 Ba3 18. Nxc6 Qh4 19. Ke2 O-O 20. b4 Bxb4 21. Rxb4 Qxh3 22. Ne7+ Kh8 23. Kd2 Qh4 24. Nc6 Qxf2+ 25.
Kc3 Qg2 26. Rb1 Qxg4 27. Rh1 h6 28. Ne5 Qf5 29. Qe2 f6 30. Rf1 Qh3 31. Ng6+ Kg8 32.
Nxf8 Rxf8 33. Qf2 Kh8 34. Qf4 g5 35. Qf2 f5 36. Rg1 g4 37. Rg3 Qh4 38. Qf4 Rf6 39.
Qxc7 Qh1 40. Qd8+ Kh7 41. Qe7+ Kg6 42. Qe8+ Rf7 43. Qxe6+ Rf6 44. Qe8+ Kg5 45. Qg8+ Kh5 46. Qe8+ Rg6 47. Qe5 Rg5 48. Kb4 f4 49. Qxf4 1-0

[Event "Betsys MČR v online bleskovém šachu 2021"]
[Site "Chess.com"]
[Date "2021.04.17"]
[Round "12"]
[White "Sorcercream"]
[Black "Dale00007"]
[Result "0-1"]
[WhiteElo "1016"]
[BlackElo "1392"]
[TimeControl "180+1"]
[EndTime "11:01:51 PDT"]
[Termination "Uživatel Dale00007 zvítězil na čas"]

1. e4 c5 2. Nf3 d6 3. c3 Nf6 4. Qc2 Nc6 5. Bb5 Bd7 6. O-O a6 7.
Be2 b5 8. d4 cxd4 9. cxd4 Qb6 10. Be3 Qb7 11. e5 dxe5 12. dxe5 Nd5 13. Bc5 O-O-O 14.
Nc3 Nxc3 15. Qxc3 e6 16. Bxf8 Rhxf8 17. Rfd1 Kb8 18. Rac1 Rc8 19. Qd3 Rfd8 20. Qxh7 Rg8 21. Qe4 Rgd8 22. b3 g6 23. a4 Na5 24. Rxc8+ Kxc8 25. Qxb7+ Nxb7 26. axb5 axb5 27. b4 Bc6 28. Rxd8+ Nxd8 29. h4 Kd7 30. Kf1 Ke7 31. g4 f6 32.
g5 fxg5 33. Nxg5 Nf7 34. Nxf7 Kxf7 35. f4 Kg7 36. Kf2 Kf7 37. Kg3 Kg7 38. Kg4 Kh6 39. Bd3 Bd7 40. Be2 Bc6 41. Kg3 Bd7 42. Bf3 Kg7 43. Be4 Kh6 0-1

[Event "Betsys MČR v online bleskovém šachu 2021"]
[Site "Chess.com"]
[Date "2021.04.17"]
[Round "12"]
[White "Rozmetal"]
[Black "nw_tynka"]
[Result "1-0"]
[WhiteElo "2163"]
[BlackElo "2172"]
[TimeControl "180+1"]
[EndTime "11:01:52 PDT"]
[Termination "Uživatel Rozmetal zvítězil po vzdání soupeře"]

1. e4 c5 2. Nf3 Nc6 3. d4 cxd4 4. c3 dxc3 5. Nxc3 d6 6. Bc4 e6 7. O-O Nf6 8. Qe2 Be7 9. Rd1 e5 10. b4 O-O 11. b5 Na5 12. Nxe5 Nxc4 13. Nxc4 Qc7 14.
Bf4 Be6 15. Nd5 Bxd5 16. exd5 Rac8 17. Rac1 Qd7 18. a4 Rfe8 19. h3 Bf8 20. Qd3 Rc5 21. Ne3 Rec8 22. Rxc5 Rxc5 23. Bg5 Ne8 24. Nf5 g6 25.
Nh6+ Bxh6 26. Bxh6 Ng7 27. Be3 Rc8 28. Bxa7 Nf5 29.
a5 Qc7 30. Bb6 Qc4 31. Qxc4 Rxc4 32. Ra1 Rb4 33. a6 bxa6 34. bxa6 Rc4 35. a7 Rc8 36. a8=Q Rxa8 37. Rxa8+ Kg7 38. g4 Ne7 39. Bd4+ f6 40. Ra7 Kf7 41. Kg2 Ke8 42. Rxe7+ Kxe7 43. f4 Kf7 44. f5 gxf5 45. gxf5 Kg7 46. Kf3 Kf7 47.
Kg4 Kg7 48. Kh5 Kf7 49. h4 Kg7 50. Bc3 Kf7 51. Bd4 Kg7 52. Be3 Kf7 53. Kh6 Kg8 54. Bd4 Kf7 55. Kxh7 1-0

[Event "Betsys MČR v online bleskovém šachu 2021"]
[Site "Chess.com"]
[Date "2021.04.17"]
[Round "12"]
[White "Lukuluss88"]
[Black "horvi1"]
[Result "0-1"]
[WhiteElo "2034"]
[BlackElo "2237"]
[TimeControl "180+1"]
[EndTime "11:01:53 PDT"]
[Termination "Uživatel horvi1 zvítězil matem"]

1. c4 Nf6 2. Nc3 e6 3. g3 d5 4. cxd5 exd5 5. d4 Bd6 6. Bg2 c6 7. Bg5 Nbd7 8. Nf3 h6 9. Bxf6 Nxf6 10. O-O O-O 11. a3 a5 12. Rb1 Bf5 13. Rc1 Re8 14.
e3 Ne4 15. Nxe4 Bxe4 16. Nd2 Bxg2 17. Kxg2 a4 18. Nf3 Qb6 19. Qd2 Ra5 20. Rc2 Rb5 21. Rfc1 Rb3 22. Ne1 Re6 23. Nd3 Rf6 24. Rc3 Rxc3 25.
Qxc3 Qc7 26. Qc2 Qd7 27. Qxa4 Qf5 28. Rd1 Qf3+ 29. Kg1 h5 30. Qc2 h4 31. Ne1 Qg4 32. Ng2 hxg3 33. hxg3 Rh6 34. f4 Qxg3 35. Qf2 Qh2+ 36.
Kf1 Qh1+ 37. Ke2 Qh5+ 38. Qf3 Qf5 39. Rd2 Rh3 40. Qf2 Bc7 41. b4 Qe4 42. Kf1 Rh1+ 43. Ke2 Rh2 44. Kf1 Qb1+ 45. Ke2 Rh1 46. Ne1 Qe4 47. Ng2 Rh2 48. Kf1 Bd8 49. Qg3 Rh1+ 50. Kf2 Qb1 51. Ke2 Qf1# 0-1

[Event "Betsys MČR v online bleskovém šachu 2021"]
[Site "Chess.com"]
[Date "2021.04.17"]
[Round "12"]
[White "PremetFugas"]
[Black "Pekibeast"]
[Result "0-1"]
[WhiteElo "2077"]
[BlackElo "1890"]
[TimeControl "180+1"]
[EndTime "11:01:56 PDT"]
[Termination "Uživatel Pekibeast zvítězil na čas"]

1. d4 d6 2. e4 Nf6 3. Nc3 c6 4.
Be3 Nbd7 5. f3 Qc7 6. g4 h6 7.
Nge2 e5 8. Bg2 Be7 9. Qd2 Nb6 10. b3 Bd7 11. h4 O-O-O 12. a4 exd4 13. Nxd4 Be6 14.
a5 Nbd7 15. Nxe6 fxe6 16. Bxa7 Nc5 17. Bb6 Qd7 18. Bxd8 Rxd8 19. b4 Na6 20. Na4 Qc7 21. Nb6+ Kb8 22. c3 d5 23. exd5 Nxd5 24. Nxd5 Rxd5 25. Qf2 Qe5+ 26. Kf1 Qxc3 27. Re1 Bxb4 28. f4 Rd2 29. Qf3 Rd3 30. Qe2 Qxe1+ 31. Qxe1 Bxe1 32.
Kxe1 c5 33. Ke2 c4 34. Rb1 Rd7 35. Bc6 Rc7 36. Bb5 Ka7 37. Rc1 c3 38. f5 exf5 39. gxf5 Nb4 40. Ba4 Rc5 41. Ke3 Rxf5 42. Ke4 Rc5 43. Kd4 Rxa5 44. Bb3 Nc6+ 45. Kd3 Rc5 46. Bg8 Kb6 47. Rb1+ Kc7 48. Rc1 b5 49. Bb3 b4 50. Rf1 Kd6 51. Rd1 Ke5 52. Re1+ Kf4 53.
Rf1+ Kg3 54. Rg1+ Kxh4 55. Ke3 g5 56. Kf3 Rf5+ 57. Ke4 Rf4+ 58. Ke3 Nd4 59. Bc4 Nf5+ 0-1

[Event "Betsys MČR v online bleskovém šachu 2021"]
[Site "Chess.com"]
[Date "2021.04.17"]
[Round "12"]
[White "xPsylocke"]
[Black "HCMotorCB"]
[Result "1-0"]
[WhiteElo "2267"]
[BlackElo "2377"]
[TimeControl "180+1"]
[EndTime "11:01:57 PDT"]
[Termination "Uživatel xPsylocke zvítězil na čas"]

1. e4 c5 2. Nc3 Nc6 3. d3 g6 4. g3 Bg7 5. Be3 Nd4 6. Qd2 d6 7. Bg2 e6 8. Nd1 Rb8 9. c3 Nc6 10. Ne2 b5 11. h4 h5 12. O-O Nge7 13. f4 b4 14. c4 a5 15. Rc1 a4 16. Kh2 a3 17. b3 f6 18. Bh3 e5 19. f5 gxf5 20. exf5 Nd4 21. Ng1 Ndxf5 22. Qf2 Nxe3 23. Nxe3 Bxh3 24.
Nxh3 Qd7 25. Rce1 Kd8 26. Qf3 Kc7 27. Nf2 Rbf8 28. Ne4 f5 29. Ng5 Bf6 30. Nh3 f4 31. gxf4 Bxh4 32. Re2 Kb6 33. Rg2 Nc6 34. Nd5+ Ka5 35. Qe4 Bd8 36. f5 Rhg8 37. Rxg8 Rxg8 38. f6 Qg4 39. Qxg4 hxg4 40. Ng1 Nd4 41. Kg2 Ne6 42. Ne2 Rf8 43. Ng3 Rf7 44. Ne4 Rf8 45.
Nxd6 Ka6 46. Ne4 Kb7 47. Kg3 Kc6 48. Kxg4 Rg8+ 49. Kf3 Nd4+ 50. Ke3 Rf8 51. Ng5 1-0

[Event "Betsys MČR v online bleskovém šachu 2021"]
[Site "Chess.com"]
[Date "2021.04.17"]
[Round "12"]
[White "Bagr92"]
[Black "Rognort"]
[Result "1/2-1/2"]
[WhiteElo "1607"]
[BlackElo "1782"]
[TimeControl "180+1"]
[EndTime "11:01:58 PDT"]
[Termination "Remíza opakováním pozice"]

1. e4 d5 2. exd5 Qxd5 3. c4 Qe4+ 4. Be2 Bf5 5. Nc3 Qe6 6. d4 Nf6 7. Nf3 c6 8. O-O Qc8 9. d5 g6 10. Nd4 cxd5 11. Nxf5 Qxf5 12. cxd5 Bg7 13. d6 O-O 14.
dxe7 Re8 15. Bd3 Qh5 16. Qxh5 Nxh5 17. Re1 Nc6 18. Bg5 Bf6 19. Bxf6 Nxf6 20. Nb5 Rxe7 21. Rxe7 Nxe7 22. Re1 Kf8 23. Bc4 a6 24. Nd6 Ned5 25. Nxb7 a5 26. b3 a4 27. Nd6 axb3 28. Bxb3 Ra6 29. Ne4 Rc6 30. Nxf6 Nxf6 31. f3 Nd7 32. Kf2 Nc5 33. Rc1 Nd3+ 34. Ke3 Nxc1 35. Bd5 Re6+ 36. Bxe6 fxe6 37. a4 Nb3 38. Kd3 Ke7 39. Kc4 Na5+ 40. Kb5 Nb7 41. Kb6 Nd6 42. a5 Kd7 43. a6 Nc8+ 44. Kb7 Nd6+ 45. Kb8 Nb5 46. Kb7 Kd6 47. Kb6 Nc7 48. a7 g5 49. g3 h5 50. h4 gxh4 51.
gxh4 e5 52. Kb7 Kd7 53. Kb6 Kd6 54. Kb7 Kd7 55. Kb6 Na8+ 56. Kb7 Nc7 1/2-1/2

[Event "Betsys MČR v online bleskovém šachu 2021"]
[Site "Chess.com"]
[Date "2021.04.17"]
[Round "12"]
[White "Klapuch05"]
[Black "Sandokanom"]
[Result "1/2-1/2"]
[WhiteElo "1584"]
[BlackElo "1757"]
[TimeControl "180+1"]
[EndTime "11:02:01 PDT"]
[Termination "Remíza dohodou"]

1. e4 c5 2. Nf3 e6 3. d4 cxd4 4.
Nxd4 Nf6 5. Nc3 Bb4 6. Bd3 d5 7. e5 Nfd7 8. f4 Bc5 9. Be3 Qb6 10. Na4 Qa5+ 11. c3 Bxd4 12. Bxd4 Nc6 13. O-O Nxd4 14. cxd4 O-O 15. b3 b5 16. Nb2 Qc3 17. Qc2 Qxd4+ 18.
Rf2 g6 19. Bxb5 Nb6 20. Rd1 Qb4 21. Bd3 Bd7 22. g3 Rac8 23. Qd2 Qd4 24. Bf1 Qxd2 25. Rdxd2 Rc1 26. Rc2 Rc8 27. Rxc8+ Bxc8 28. Nd3 Rd1 29. Nb4 a5 30. Nc6 Ba6 31. Nxa5 d4 32. Kg2 Bxf1+ 33. Rxf1 Rd2+ 34. Rf2 Rd1 35. Nc4 Nd5 36. a4 d3 37.
a5 Nb4 38. Rd2 Rb1 39. a6 Nxa6 40. Rxd3 Nc5 41. Rc3 Rxb3 42. Rxb3 Nxb3 43. Kf3 Nd4+ 44. Ke4 Ne2 45. Ne3 Nc3+ 46. Kf3 Kg7 47. h3 h6 48. g4 f6 49. exf6+ Kxf6 50. Nc4 Nd5 51. Nd6 e5 52. fxe5+ Kxe5 53. Nf7+ Kf6 54. Nxh6 Ne7 55. Nf5 Nxf5 56. gxf5 Kxf5 57. Kg3 Kg5 58. Kg2 Kh5 59. Kg3 g5 60. Kg2 Kg6 61. Kg3 Kh5 1/2-1/2